Map: Ruines de Seras

Players

Nodorf - Winner!

  • Race: Zerg Zerg
  • League: Silver

JeanBond - Winner!

  • Race: Zerg Zerg
  • League: Diamond

Trøb

  • Race: Terran Terran
  • League: Platinum

fahirn

  • Race: Terran Terran
  • League: Gold

VOD

Have the link to the VOD?

Description

Time

  • Played on: April 11, 2016, 4:04 p.m.
  • Length: 24:32
Show
View Real Time Build Order
Export as new Build Order

Nodorf Zerg - Winner!

Build Orders: Hatch First, Muta Ling Bane 

Get SALT Encoding   

  12  0:02  Drone  
  13  0:13  Overlord  
  13  0:18  Drone  
  14  0:25  Drone, Extractor  
  15  0:33  Drone  
  16  0:36  Drone  
  17  0:58  Hatchery  
  17  1:02  Drone  
  17  1:10  Drone, Extractor  
  17  1:21  Spawning Pool  
  17  1:25  Drone  
  17  1:28  Drone  
  18  1:44  Drone  
  18  1:45  Drone  
  20  1:52  Overlord  
  20  2:08  Queen  
  20  2:11  Queen  
  24  2:16  Metabolic Boost  
  24  2:19  Zergling x2  
  24  2:22  Zergling x2  
  25  2:32  Drone  
  25  2:33  Drone x2  
  25  2:36  Drone  
  29  2:38  Drone  
  30  2:45  Drone  
  31  2:51  Queen  
  31  2:57  Overlord  
  33  3:03  Overlord  
  33  3:08  Drone x2  
  33  3:10  Drone  
  36  3:18  Drone x2  
  38  3:33  Roach Warren  
  37  3:45  Drone x6, Extractor  
  42  3:49  Extractor  
  42  3:50  Lair  
  41  4:02  Overlord  
  41  4:08  Drone x2  
  43  4:15  Roach x3  
  43  4:16  Roach  
  51  4:20  Overlord  
  51  4:26  Roach x2  
  55  4:35  Zergling x2  
  55  4:36  Zergling x10, Spine Crawler  
  60  4:44  Drone  
  60  4:45  Drone  
  62  5:00  Drone x2  
  62  5:01  Drone x4  
  68  5:08  Overlord  
  68  5:14  Overlord, Hatchery  
  64  5:23  Drone x3  
  64  5:26  Spore Crawler  
  64  5:35  Spore Crawler  
  64  5:37  Overseer  
  63  5:45  Drone x7  
  70  5:53  Extractor  
  67  6:11  Drone x2  
  69  6:12  Drone  
  70  6:21  Spire  
  69  6:28  Spore Crawler  
  66  6:42  Queen  
  66  6:44  Drone x7  
  66  6:45  Drone x5  
  79  7:04  Drone  
  79  7:05  Drone x3, Baneling Nest  
  79  7:06  Drone x2  
  79  7:08  Evolution Chamber x2  
  82  7:23  Spore Crawler  
  81  7:37  Zergling x2  
  81  7:38  Overlord x4, Zergling x14  
  81  7:39  Overlord  
  81  7:41  Hatchery, Zerg Melee Weapons Level 1  
  81  7:44  Zerg Ground Armor Level 1  
  88  7:49  Spore Crawler  
  87  7:51  Centrifical Hooks  
  87  7:52  Hatchery  
  86  8:01  Spore Crawler  
  85  8:16  Drone x10  
  85  8:17  Drone x2  
  85  8:19  Extractor  
  96  8:20  Extractor  
  95  8:43  Drone  
  95  8:44  Drone x2  
  98  8:48  Zergling x2  
  98  8:49  Zergling x20  
  108  8:56  Mutalisk x5  
  118  9:03  Zergling x2  
  118  9:04  Zergling x2, Baneling x2  
  118  9:05  Baneling x5  
  118  9:07  Zergling x6  
  118  9:08  Queen  
  118  9:09  Queen  
  127  9:14  Zergling x10  
  132  9:19  Zergling x4  
  132  9:20  Zergling x2  
  132  9:24  Zergling x10  
  136  9:28  Zergling x2  
  136  9:30  Overlord x5  
  141  9:43  Baneling  
  141  9:45  Baneling x8  
  141  9:46  Overlord x4, Baneling x6  
  141  9:49  Baneling x6  
  141  9:50  Zergling x2  
  141  9:51  Zergling x2  
  140  9:55  Zergling x2  
  140  9:56  Zergling x4  
  140  9:57  Zergling x2  
  144  10:08  Zergling x2  
  144  10:09  Zergling x20  
  149  10:26  Zergling x2  
  149  10:27  Zergling x16  
  145  10:33  Zerg Melee Weapons Level 2  
  145  10:34  Zerg Ground Armor Level 2  
  144  10:36  Infestation Pit  
  144  10:38  Drone x4  
  144  10:39  Drone x4  
  151  10:48  Mutalisk x4  
  159  11:05  Zergling x2  
  159  11:06  Zergling x22  
  159  11:09  Queen  
  173  11:13  Hive  
  167  11:27  Drone x8  
  167  11:28  Drone  
  167  11:30  Extractor x2  
  172  11:37  Zergling x22  
  183  11:58  Hatchery  
  182  12:04  Drone x2  
  182  12:05  Drone  
  173  12:20  Zergling x2  
  173  12:21  Zergling x30  
  156  12:27  Corruptor  
  156  12:28  Corruptor x7  
  166  12:33  Queen  
  168  12:45  Zergling x10  
  168  12:47  Baneling x2  
  168  12:48  Baneling x3  
  168  12:49  Baneling x4  
  173  13:01  Spore Crawler  
  173  13:02  Spore Crawler, Spine Crawler  
  173  13:03  Hatchery, Spine Crawler  
  173  13:04  Zergling x22  
  173  13:05  Zergling x2, Spine Crawler  
  180  13:09  Queen  
  181  13:17  Overseer  
  181  13:33  Zergling x18  
  190  13:35  Overlord x3  
  190  13:36  Overlord x2  
  190  13:39  Ultralisk Cavern  
  189  13:51  Baneling x5  
  189  13:52  Baneling x4  
  189  13:53  Queen  
  189  13:54  Baneling x11  
  189  13:55  Baneling  
  191  14:01  Hatchery  
  188  14:17  Zerg Melee Weapons Level 3, Zerg Ground Armor Level 3  
  188  14:20  Overlord x3  
  188  14:21  Overseer x3  
  188  14:22  Overseer x2  
  188  14:31  Zergling x2, Baneling x6  
  187  14:32  Zergling x10  
  189  14:41  Chitinous Plating  
  180  14:56  Ultralisk x2  
  180  14:57  Ultralisk  
  119  15:17  Zergling x2  
  119  15:18  Zergling x28  
  134  15:25  Queen  
  136  15:34  Ultralisk  
  136  15:35  Zergling x6  
  145  15:40  Baneling x4  
  145  15:41  Baneling x4  
  145  15:53  Greater Spire  
  145  15:54  Baneling, Ultralisk  
  145  15:55  Baneling x2  
  151  16:02  Baneling x4  
  142  16:13  Ultralisk  
  142  16:14  Zergling x12  
  142  16:15  Zergling x2  
  144  16:24  Zergling x2  
  144  16:25  Zergling x12  
  148  16:32  Zergling x2  
  148  16:33  Zergling x8  
  148  16:37  Drone x3  
  155  16:45  Zergling x10  
  160  17:02  Zergling x2, Baneling x4  
  160  17:03  Zergling x22  
  172  17:41  Brood Lord  
  188  17:44  Brood Lord x5  
  188  17:45  Brood Lord x2  
  188  17:57  Ultralisk x2  
  200  18:04  Extractor  
  200  18:05  Extractor  
  194  18:22  Corruptor  
  194  18:23  Corruptor x10  
  160  18:41  Corruptor  
  160  18:42  Zergling x2, Corruptor x2  
  160  18:43  Zergling x14  
  146  19:01  Ultralisk  
  146  19:02  Zergling x2, Ultralisk  
  159  19:03  Zergling x6  
  159  19:06  Drone x4  
  150  19:21  Ultralisk x2  
  150  19:22  Zergling x2  
  163  19:30  Baneling x3  
  163  19:31  Baneling x4  
  163  19:39  Baneling x3  
  163  19:40  Baneling  
  163  19:42  Hatchery  
  163  19:44  Zergling x14  
  163  19:45  Zergling x2  
  143  20:00  Zergling x26  
  143  20:01  Zergling x2  
  143  20:02  Zergling x2  
  152  20:07  Zergling x2  
  152  20:08  Zergling x10  
  158  20:22  Baneling x3  
  158  20:23  Baneling  
  134  20:43  Corruptor x2  
  134  20:44  Corruptor x6  
  137  21:29  Zergling x2  
  137  21:30  Zergling x56  
  137  21:31  Zergling x20  
  169  21:56  Ultralisk x4  
  187  22:02  Zergling x2  
  187  22:03  Zergling x18  
  156  22:17  Ultralisk  
  156  22:18  Zergling x2, Ultralisk  
  156  22:19  Zergling x8  
  132  22:57  Hatchery  
  125  23:05  Ultralisk x6  
  157  23:06  Zergling x4  
  157  23:07  Zergling x2  
  157  23:12  Hatchery  
  157  23:18  Extractor  
  157  23:19  Extractor  
  143  23:45  Corruptor x3  
  143  23:47  Zergling x2  
  143  23:48  Zergling x48  
  165  23:49  Zergling x6  
  177  24:05  Extractor  
  177  24:08  Extractor  
Show
View Real Time Build Order
Export as new Build Order

JeanBond Zerg - Winner!

Build Orders:  

Get SALT Encoding   

  12  0:01  SCV  
  13  0:13  SCV  
  14  0:18  Supply Depot  
  14  0:25  SCV  
  15  0:39  SCV  
  15  0:40  Barracks  
  16  0:45  Refinery  
  16  0:52  SCV  
  17  1:04  SCV  
  18  1:16  SCV  
  19  1:28  Orbital Command  
  19  1:29  Reaper  
  20  1:47  Command Center  
  20  1:56  Supply Depot  
  20  1:59  SCV  
  21  2:04  Marine  
  22  2:16  Factory  
  22  2:23  Barracks Reactor  
  22  2:26  SCV  
  23  2:30  Refinery  
  23  2:39  SCV  
  24  2:48  Bunker  
  24  2:51  SCV  
  25  3:00  Starport  
  25  3:06  Marine x2  
  25  3:08  Widow Mine  
  29  3:17  Orbital Command  
  29  3:24  Marine x2  
  29  3:25  SCV  
  32  3:38  Factory Tech Lab, SCV  
  32  3:39  Medivac  
  34  3:43  SCV  
  35  3:50  SCV  
  35  3:55  SCV  
  37  3:56  Marine x2  
  37  3:58  Siege Tank  
  42  4:05  SCV  
  42  4:07  SCV  
  44  4:10  Supply Depot  
  44  4:14  Liberator  
  44  4:27  Marine x2  
  46  4:32  SCV x2  
  46  4:33  Supply Depot  
  51  4:41  Siege Tank  
  54  4:52  Marine x2, SCV x2  
  58  4:58  Refinery  
  58  5:04  SCV  
  58  5:05  Supply Depot  
  58  5:06  SCV  
  60  5:09  Marine  
  60  5:10  Marine  
  62  5:14  Siege Tank  
  62  5:16  SCV  
  66  5:26  Medivac  
  66  5:27  SCV  
  69  5:31  Marine x2  
  69  5:34  Command Center  
  70  5:38  SCV  
  70  5:39  SCV  
  70  5:42  Engineering Bay  
  72  5:49  Siege Tank, Marine x2  
  77  5:50  SCV  
  78  6:02  Medivac, Supply Depot  
  78  6:04  SCV x2  
  80  6:13  Refinery  
  80  6:19  SCV  
  80  6:20  SCV  
  82  6:29  Barracks, Supply Depot  
  82  6:31  Barracks, Missile Turret, SCV  
  83  6:34  Missile Turret  
  83  6:39  Marine x2  
  85  6:40  Siege Tank  
  85  6:42  Medivac  
  90  6:49  SCV  
  90  6:50  Orbital Command  
  91  6:57  Terran Infantry Weapons Level 1  
  91  6:59  Marine x2  
  93  7:21  Barracks Tech Lab x2  
  93  7:22  Barracks, Marine x2  
  93  7:23  Barracks  
  93  7:24  SCV x2  
  93  7:28  Supply Depot  
  97  7:30  Medivac  
  97  7:33  Orbital Command  
  99  7:40  Marine  
  100  7:52  Supply Depot  
  93  7:58  Combat Shields, Stimpack  
  93  8:04  SCV  
  93  8:05  SCV  
  95  8:07  Marine x3  
  95  8:11  Barracks Reactor x2  
  98  8:15  Marine  
  98  8:16  SCV  
  98  8:17  SCV x2  
  102  8:21  Siege Tank  
  102  8:22  Starport Reactor  
  102  8:24  Marine  
  102  8:25  Marine x2  
  108  8:29  SCV x2  
  108  8:30  SCV  
  108  8:33  Marine  
  112  8:38  Engineering Bay  
  112  8:39  Supply Depot  
  112  8:41  SCV x2  
  112  8:42  Marine x2  
  112  8:43  Marine  
  114  8:51  Marine  
  115  9:01  Marine x4  
  115  9:02  Marine x3  
  122  9:07  Medivac x2  
  122  9:08  Marine  
  127  9:11  Siege Tank  
  130  9:19  Marine x6  
  130  9:20  Marine  
  130  9:22  Terran Infantry Armor Level 1  
  137  9:25  SCV x3  
  137  9:26  Marine  
  137  9:27  Armory  
  137  9:30  Refinery  
  141  9:35  Refinery  
  141  9:37  Liberator, Marine x7  
  148  9:42  Concussive Shells  
  148  9:44  Marine  
  149  9:50  Siege Tank, Missile Turret  
  152  9:54  Marine  
  152  9:55  Marine  
  157  10:02  Supply Depot  
  157  10:04  Liberator  
  157  10:12  Missile Turret  
  157  10:19  Barracks, Marine  
  157  10:20  Liberator, Marine  
  157  10:22  Marine  
  157  10:23  Siege Tank, Marine x4, SCV x3  
  157  10:24  Marine  
  157  10:25  Supply Depot  
  157  10:27  Barracks  
  153  10:28  Barracks  
  144  10:35  SCV  
  144  10:37  Marine  
  144  10:38  Marine  
  144  10:39  Marine  
  144  10:41  Marine x5  
  154  10:55  Siege Tank, Marine  
  154  10:56  Marine  
  159  10:57  Marine  
  159  10:59  Marine x5  
  159  11:03  Liberator x2  
  164  11:14  Marine  
  164  11:15  Barracks Tech Lab, Barracks Reactor  
  164  11:16  Marine  
  164  11:17  Marine x2, Barracks Reactor  
  164  11:18  Marine  
  172  11:27  Marine  
  173  11:38  Marine x3, SCV x3, Marauder  
  173  11:39  Marine x3  
  184  11:50  SCV x3  
  187  11:56  Marauder  
  189  12:02  Command Center  
  189  12:05  Command Center  
  189  12:08  Terran Infantry Weapons Level 2, Terran Infantry Armor Level 2  
  189  12:10  Terran Vehicle Weapons Level 1  
  189  12:16  Marine x8, Marauder, Supply Depot  
  189  12:17  Command Center, Marine x2, Marauder  
  189  12:18  Marauder  
  131  12:33  Marine x6  
  131  12:34  Marine x2  
  131  12:35  Marine x2  
  141  12:38  Supply Depot, Marauder  
  141  12:39  Marauder x2  
  147  12:54  Marine x5  
  147  12:55  Marine  
  147  12:56  Marine  
  147  12:57  SCV  
  155  12:59  Marauder  
  155  13:00  Marauder x2  
  155  13:05  Marine x3  
  164  13:11  Marine  
  165  13:17  Marine x2  
  165  13:18  Marine x3  
  170  13:20  SCV x3, Marauder  
  170  13:22  Marauder x2  
  179  13:38  Marine x5  
  179  13:39  Marine  
  185  13:41  Siege Tank  
  185  13:42  Marauder  
  185  13:43  Marauder x2  
  194  13:53  Missile Turret  
  194  13:54  Marine x3, Missile Turret  
  194  13:55  Missile Turret  
  197  13:58  Planetary Fortress  
  197  14:00  Planetary Fortress  
  197  14:03  Orbital Command, Marauder  
  197  14:09  Marine  
  200  14:19  Refinery  
  200  14:23  Refinery  
  200  14:24  Terran Infantry Weapons Level 3  
  200  14:25  Terran Infantry Armor Level 3  
  196  14:59  Marine x3  
  130  15:00  Marine x3  
  130  15:01  Orbital Command  
  130  15:05  Marine x4  
  130  15:06  Marine  
  108  15:08  Liberator, Marine  
  108  15:09  Marine  
  108  15:13  SCV x2  
  110  15:17  Marine x4  
  110  15:18  Marine x2  
  115  15:22  Siege Tank  
  115  15:23  Marine x2  
  115  15:24  Marauder  
  115  15:25  Medivac  
  115  15:28  Marine x4  
  128  15:33  SCV  
  128  15:34  SCV x2  
  128  15:35  Marine x2, SCV x2  
  138  15:42  Marine x2  
  140  15:45  Marauder  
  119  16:14  Marine x3, Marauder  
  103  16:22  Marine x2  
  103  16:23  Marine, Orbital Command  
  96  16:28  SCV x3  
  96  16:29  SCV x2  
  96  16:32  Siege Tank  
  99  16:38  Marine x2  
  99  16:39  Marine x2, Marauder  
  106  16:40  Marauder  
  106  16:55  Marine x3  
  106  16:56  Marine x5, Marauder  
  106  17:01  Marauder x2  
  120  17:11  SCV  
  120  17:12  SCV x4  
  120  17:13  Liberator x2, Marine x3, SCV  
  120  17:14  Marine  
  130  17:18  Marauder  
  130  17:22  Marauder  
  134  17:25  Marine x3  
  134  17:29  Marine x3  
  140  17:32  SCV  
  147  17:38  Starport, Marine x4  
  147  17:39  Marine  
  152  17:44  Marine x2  
  152  17:45  Marauder  
  156  17:54  Marine x2  
  156  17:55  SCV x2, Marauder  
  156  17:56  Liberator x2, SCV x3  
  156  17:57  Marauder  
  167  18:01  Refinery  
  167  18:02  Refinery  
  167  18:04  Marine x2  
  167  18:05  Marine x3  
  171  18:07  Marauder  
  174  18:13  Marine x2  
  174  18:14  Marine x2  
  174  18:15  SCV  
  174  18:16  SCV x3, Marauder  
  174  18:18  Marauder  
  174  18:28  Marauder  
  174  18:30  Marine x2  
  174  18:31  Marine x2  
  175  18:38  Marauder  
  175  18:39  Marine x3  
  175  18:40  Marauder  
  169  18:42  Liberator x2  
  145  18:49  Marauder  
  135  18:56  Marine x3  
  135  18:57  Marine x3  
  135  18:59  Marauder  
  135  19:01  Marine x2, Marauder  
  135  19:02  Marine  
  150  19:05  Marine  
  151  19:10  Marine  
  151  19:14  Marine x4  
  151  19:15  Marine  
  157  19:19  Marine x2  
  157  19:22  Marine x3  
  157  19:23  Marine, Marauder  
  162  19:29  Marauder  
  164  19:32  Marine x4  
  164  19:34  Marine  
  164  19:37  Marine x2  
  171  19:39  Marine  
  171  19:40  Marine x2, Marauder  
  171  19:44  Marauder  
  178  19:50  Marauder  
  175  19:57  Marine x4  
  175  19:58  Marine x2  
  163  20:00  Marine x4  
  163  20:02  Marauder  
  163  20:05  Marauder  
  171  20:11  Starport Reactor, Marauder  
  173  20:15  Marine x4, Terran Ship Weapons Level 1  
  173  20:16  Marine x2  
  173  20:17  SCV  
  180  20:23  Marauder  
  180  20:27  Marauder  
  184  20:33  Marauder  
  170  20:38  Marine x4  
  157  20:44  Marauder  
  157  20:48  Marauder  
  138  20:51  Liberator, Marine x4  
  138  20:54  Marauder  
  142  20:58  Marine  
  142  20:59  Marine x5  
  140  21:06  Marauder  
  140  21:08  Marine  
  140  21:09  Marine x3, Marauder  
  151  21:16  Marauder  
  153  21:24  Orbital Command  
  137  21:27  Marauder  
  137  21:31  Marauder  
  136  21:37  Marauder  
  130  21:41  Marine x4  
  129  21:49  Marine x5, Marauder  
  129  21:52  Marauder  
  132  21:58  Marauder  
  123  22:10  Marauder  
  123  22:12  Marine  
  123  22:13  Marine x2  
  123  22:14  Marauder  
  116  22:16  Marine x3  
  116  22:17  Marine x2  
  116  22:20  Marauder  
  108  22:25  Marine  
  108  22:26  Marine  
  101  22:30  Marine  
  101  22:31  Marine x2, Marauder  
  101  22:35  Marauder  
  101  22:36  Medivac  
  108  22:41  Marauder  
  110  22:47  Marine x2  
  112  22:53  Marauder  
  112  22:56  Marauder  
  115  23:02  Marauder  
  115  23:03  Marine  
  108  23:11  Marine x2  
  108  23:12  Marine  
  95  23:14  Marauder  
  95  23:15  Marine x5  
  95  23:16  Marine  
  95  23:18  Marauder  
  100  23:21  Marine  
  100  23:24  Marauder  
  87  23:29  Marine x3  
  87  23:33  Marine x6  
  96  23:35  Marine  
  96  23:39  Marine, Marauder  
  90  23:45  Marauder  
  90  23:47  Marine x3  
  95  23:50  Marine  
  95  23:51  Marine x5  
  95  23:53  Marauder  
  101  23:57  Marine  
  101  24:01  Marauder  
  104  24:05  Marine x3  
  104  24:07  Marauder  
  104  24:08  Marine  
  104  24:09  Marine x3  
Show
View Real Time Build Order
Export as new Build Order

Trøb Terran 

Build Orders:  

Get SALT Encoding   

Show
View Real Time Build Order
Export as new Build Order

fahirn Terran 

Build Orders:  

Get SALT Encoding   

Tags
 
Add a new tag
Caveats
  • Supply blocks, unpowered buildings, or Contaminate may cause inaccurate times.
  • Supply counts are checked every 10 seconds.